 Dungeon Crawl Stone Soup version 0.30-a0-23-ge60ba3568b (webtiles) character file.

Game seed: 7549447669751299739

119 Setbun the Cudgeller (level 4, -1/39 HPs)
             Began as a Minotaur Fighter on Aug 25, 2022.
             Succumbed to a scorpion's poison
             ... on level 4 of the Dungeon.
             The game lasted 00:02:30 (2658 turns).

Setbun the Cudgeller (Minotaur Fighter)             Turns: 2658, Time: 00:02:30

Health: -1/39      AC:  8    Str: 22    XL:     4   Next: 73%
Magic:  3/3        EV:  9    Int:  5    God:
Gold:   121        SH:  5    Dex: 10    Spells: 3/3 levels left

rFire   . . .      SeeInvis .    a - +0 flail
rCold   . . .      Faith    .    c - +1 buckler
rNeg    . . .      Spirit   .    b - +0 scale mail
rPois   .          Reflect  .    (helmet restricted)
rElec   .          Harm     .    (no cloak)
rCorr   .          Rampage  .    l - +0 pair of gloves
Will    .....                    (no boots)
Stlth   ..........               (no amulet)
HPRegen 0.13/turn                (no ring)
MPRegen 0.08/turn                (no ring)

@: mighty, lethally poisoned (-1 -> -15), weak-willed
A: horns 2, retaliatory headbutt
a: no special abilities


You were on level 4 of the Dungeon.
You visited 1 branch of the dungeon, and saw 4 of its levels.

You collected 121 gold pieces.

Inventory:

Hand Weapons
 a - a +0 flail (weapon)
Missiles
 r - a throwing net (quivered)
Armour
 b - a +0 scale mail (worn)
 c - a +1 buckler (worn)
 l - a +0 pair of gloves (worn)
Jewellery
 p - a ring of protection from cold
 q - an amulet of magic regeneration
Scrolls
 f - a scroll of identify
Potions
 e - 5 potions of curing
 g - 2 potions of brilliance {unknown}
 j - 3 potions of magic {unknown}
 m - a potion of ambrosia {unknown}
 o - a potion of haste {unknown}
 t - a potion of resistance {unknown}


   Skills:
 - Level 3.6 Fighting
 + Level 6.1 Maces & Flails
 - Level 3.6 Armour
 - Level 3.6 Shields


You had 3 spell levels left.
You didn't know any spells.
Your spell library was empty.

Dungeon Overview and Level Annotations

Branches:
Dungeon (4/15)
 Temple: D:4-7

Altars:

Shops:
D:1 =   D:2 :


Innate Abilities, Weirdness & Mutations

You have a pair of horns on your head.
You reflexively headbutt those who attack you in melee.


Message History

You hit the hound.
Flame seeps out of the hound.
The hound is lightly wounded.
The hound is engulfed in blazing flames.
Flame seeps out of the hound.
The hound bites you but does no damage.
The hound is engulfed in blazing flames.
Flame seeps out of the hound.
The hound bites you.
You hit the hound but do no damage.
The hound is almost dead.
The hound is engulfed in blazing flames.
The hound explodes!
The fiery explosion engulfs you!!
Ouch! That really hurt!
* * * LOW HITPOINT WARNING * * *
You hear an angry hiss.
Your Maces & Flails skill increases to level 6!
The scorpion stings you.
* * * LOW HITPOINT WARNING * * *
You are lethally poisoned!
The scorpion poisons you!
You barely miss the scorpion.
* * * LOW HITPOINT WARNING * * *
You feel very sick.
The hobgoblin hits you but does no damage.
You block the scorpion's attack.
Unknown command.
Unknown command.
You hit the scorpion but do no damage. Your headbutt misses the scorpion.
* * * LOW HITPOINT WARNING * * *
You feel very sick. The scorpion closely misses you.
You block the hobgoblin's attack. You block the scorpion's attack.
Unknown command.
You feel better.
The hobgoblin hits you but does no damage.
The scorpion stings you.
* * * LOW HITPOINT WARNING * * *
You are lethally poisoned!
The scorpion poisons you!
You feel very mighty all of a sudden.
You die...

********~,,,,,,,,,,,,,,**,,,*,,,
**~~~,~~~~,,*****,...#,..,,,,**,,
*~,~~~~~~~,** *#...#....,,,,,,,
*,,********* *....#.....,,,,,,
*,,~~~~~~** ##..........,,,,,
**~,~,∩,,,**###*#^...........,,,,
**~~~~~~,,##..##.......[.....,,,
*********,,#.§§.s.............,,,
*~~~~~~~~,,#.§.☼@........?....,,,
~~,~~~,~~,*#.§§☼g....?........,,,
,~*********#.#................,,,
,,*******,.$..................,,,
*,,,,,,,.....##...............,,,
********#....,#.......<.......,,,
*....,*#.##........#..(,,,
*,...,,#.#....#.##.#***,*,
*,,,,,,......##.#,,.#*,,**


You could see a scorpion and a hobgoblin.

Vanquished Creatures
  A hound (D:4)
  A gnoll (D:1)
  2 adders (D:2)
  3 worms
  2 dart slugs
  3 bats
  5 endoplasms
  A giant cockroach (D:2)
  5 goblins
  5 hobgoblins
  2 jackals (D:3)
  3 quokkas
  3 ball pythons
  3 frilled lizards
  4 kobolds
  6 rats
49 creatures vanquished.

Notes
Turn   | Place    | Note
-------+----------+-------------------------------------------
     0 | D:1      | Setbun the Minotaur Fighter began the quest for the Orb.
     0 | D:1      | Reached XP level 1. HP: 19/19 MP: 0/0
    66 | D:1      | Reached skill level 3 in Maces & Flails
    80 | D:1      | Reached XP level 2. HP: 17/26 MP: 1/1
   437 | D:1      | Reached skill level 4 in Maces & Flails
   605 | D:1      | Found a faded altar of an unknown god.
   620 | D:1      | Reached XP level 3. HP: 27/31 MP: 2/2
   656 | D:1      | Found Tor Bun's Jewellery Shoppe.
  1765 | D:2      | Reached skill level 5 in Maces & Flails
  1803 | D:2      | Found Exigieb's Vocational Training.
  1972 | D:2      | Reached XP level 4. HP: 37/39 MP: 3/3
  2647 | D:4      | Noticed a scorpion
  2654 | D:4      | Reached skill level 6 in Maces & Flails
  2658 | D:4      | Succumbed to a scorpion's poison

Illustrated notes

Levels and vault maps discovered:
D:1:      kennysheep_arrival_seaside, layout_loops_corners, serial_shops,
          nicolae_square_shop, dreamdust_ecumenical_altar_angels_and_demons,
          minmay_ruptured
D:2:      layout_basic, nicolae_shop_vocational
D:3:      layout_loops_ring, fountainhead, minmay_misc_feat_alley
D:4:      layout_cave_pools, nicolae_overflow_hallway_of_the_gods,
          gup_sewer_entry_pipe, ebering_ghost_inner_flame, serial_shops,
          nicolae_shop_behind_doors

Skill      XL: |  1  2  3  4 |
---------------+-------------+-----
Maces & Flails | 3 4 5 6 |  6.1
Fighting       | |  3.6
Armour         | |  3.6
Shields        | |  3.6

Action                   |  1- 3 |  4- 6 || total
-------------------------+-------+-------++-------
Melee: Flail             |    68 |    36 ||   104
       Headbutt          |    10 |     4 ||    14
  Use: Scroll            |       |     6 ||     6
       Potion            |       |     2 ||     2
Armor: Scale mail        |    23 |    10 ||    33
Dodge: Dodged            |    33 |    15 ||    48
Block: Buckler           |    13 |     7 ||    20

Table legend: (Time is in decaauts)
 A = Elapsed time spent in this place.
 B = Non-inter-level travel time spent in this place.
 C = Inter-level travel time spent in this place.
 D = Time resting spent in this place.
 E = Time spent auto-exploring this place.
 F = Levels seen in this place.
 G = Mean time per level.
                   A        B        C        D        E       F      G
               +--------+--------+--------+--------+--------+-----+--------+
         Total |   2681 |   2491 |    190 |      0 |   2184 |   4 |  670.2 |
       Dungeon |   2681 |   2491 |    190 |      0 |   2184 |   4 |  670.2 |
               +--------+--------+--------+--------+--------+-----+--------+

Top non-repeatable levels by time:
     D:1: 1386 daAuts
     D:2: 736 daAuts
     D:3: 535 daAuts
     D:4: 22 daAuts
